 Dungeon Crawl Stone Soup version 0.18.1-6-gd335043 (webtiles) character file.

1531 mistymad the Cleaver (level 8, -7/71 HPs)
             Began as a Minotaur Berserker on May 16, 2016.
             Was a Priest of Trog.
             Killed from afar by an orc wizard (18 damage)
             ... with a puff of flame
             ... on level 5 of the Dungeon on May 17, 2016.
             The game lasted 00:13:36 (4800 turns).

mistymad the Cleaver (Minotaur Berserker)           Turns: 4800, Time: 00:13:37

Health: -7/71      AC:  3    Str: 22    XL:     8   Next: 55%
Magic:  7/7        EV: 14    Int:  4    God:    Trog [***...]
Gold:   197        SH:  4    Dex: 12    Spells: 0 memorised, 7 levels left

rFire  x . .     SeeInvis .     a - +0 hand axe
rCold  + . .     Gourm    .     b - +0 animal skin
rNeg   . . .     Faith    .     (no shield)
rPois  .         Spirit   .     (helmet restricted)
rElec  .         Dismiss  .     (no cloak)
rCorr  +         Reflect  +     (no gloves)
SustAt .         Harm     .     D - +0 pair of boots
MR     .....                    m - +4 amulet of reflection
Stlth  +.........               u - ring of ice
                                n - ring of resist corrosion

@: exhausted, slowed, very slow, not resistant to hostile enchantments, very
unstealthy
A: retaliatory headbutt, horns 2
a: Berserk, Trog's Hand, Burn Spellbooks, Renounce Religion


You were on level 5 of the Dungeon.
You worshipped Trog.
Trog was most pleased with you.
You were near starving.

You visited 2 branches of the dungeon, and saw 6 of its levels.

You collected 197 gold pieces.

Inventory:

Hand Weapons
 a - a +0 hand axe (weapon)
Armour
 b - a +0 animal skin (worn)
 D - a +0 pair of boots (worn)
Jewellery
 g - an uncursed amulet of faith
 m - a +4 amulet of reflection (around neck)
 n - a ring of resist corrosion (left hand)
 u - a ring of ice (right hand)
Scrolls
 d - 5 scrolls of identify {unknown}
 f - a scroll of noise {unknown}
 j - 2 scrolls of remove curse {unknown}
 l - a scroll of enchant armour {unknown}
 p - 3 scrolls of fog {unknown}
 q - a scroll of immolation {unknown}
 r - 2 scrolls of fear {unknown}
 w - 2 scrolls of random uselessness {unknown}
 x - 2 scrolls of amnesia {unknown}
 y - 2 scrolls of teleportation {unknown}
 C - a scroll of magic mapping {unknown}
Potions
 e - a potion of might {unknown}
 h - 2 potions of invisibility {unknown}
 i - a potion of berserk rage {unknown}
 k - a potion of flight {unknown}
 s - 2 potions of degeneration {unknown}
 t - 6 potions of curing {unknown}
 v - a potion of cancellation {unknown}
 A - a potion of haste {unknown}
 F - 2 potions of resistance {unknown}
Books
 B - a Fen Folio

   Spells                             Type                      Level
   a - Corpse Rot                     Necromancy                   2
   b - Stone Arrow                    Conjuration/Earth            3
   c - Leda's Liquefaction            Hexes/Earth                  4
   d - Summon Forest                  Summoning/Translocation      5
   e - Hydra Form                     Transmutation                6
   f - Summon Hydra                   Summoning                    7
   Trog disapproves of the use of such an item.
Comestibles
 c - 2 bread rations
 o - 4 meat rations
 z - a fruit
 E - a beef jerky


   Skills:
 + Level 6.6 Fighting
 * Level 9.0 Axes
 + Level 6.3 Armour
 + Level 5.5 Dodging


You had 7 spell levels left.
You didn't know any spells.

Dungeon Overview and Level Annotations

Branches:
Dungeon (5/15)             Temple (1/1) D:5

Altars:
Cheibriados
Dithmenos
Elyvilon
Gozag
Kikubaaqudgha
Nemelex Xobeh
Pakellas
Qazlal
Trog
Vehumet
Xom
Zin
The Shining One


Innate Abilities, Weirdness & Mutations

You reflexively headbutt those who attack you in melee.
You have a pair of horns on your head.


Message History

You slash the orc!
You kill the orc!
Trog accepts your kill.
You hit the iguana but do no damage.
The orc wizard casts a spell.
The orc wizard seems to speed up.
The iguana bites you!
* * * LOW HITPOINT WARNING * * *
The orc wizard moves out of view.
A giant gecko comes into view.
The adder bites you.
* * * LOW HITPOINT WARNING * * *
The orc wizard hits you with a dagger of electrocution.
* * * LOW HITPOINT WARNING * * *
The orc wizard mumbles some strange words.
The orc wizard blinks!
The iguana bites you.
* * * LOW HITPOINT WARNING * * *
You block the adder's attack.
The orc wizard gestures at you while chanting.
The puff of flame hits you! The fire burns you terribly!
You die...

####################
+....#....#...#....#
#....#....#...'....#
#....#....#...##..##
#...#....'...##.<##
#######...'...##...##..##
#.........#...##...##..##
#.........#....#....#....
#....##.@.#....#...)#....
#....##oSl#...##...##..##
#.......o.#...##>..##^.##
#........o#....#.........
#######...###### .......
#(.o# ..##.... ....l ##
#.... #.....l # #....## #


You could see an iguana, 2 orc wizards, an adder, 2 orcs and a giant gecko.

Vanquished Creatures
  Pikel (D:5)
  Eustachio (D:4)
  A phantom (D:4)
  An ice beast (D:5)
  A slave (D:5)
  An ogre (D:4)
  The ghost of MirrMurr the Ducker, an amateur FeMo (D:3)
  A scorpion (D:4)
  A crimson imp (D:5)
  4 orc priests
  3 orc wizards
  A centaur skeleton (D:4)
  2 iguanas
  A worker ant (D:4)
  A hound skeleton (D:4)
  Robin (D:4)
  6 adders
  An adder skeleton (D:5)
  3 worms
  2 dart slugs
  5 giant geckos
  13 orcs
  3 ball pythons
  4 giant cockroaches
  14 goblins
  12 hobgoblins
  9 jackals
  5 kobolds
  2 quokkas
  13 bats
  4 giant newts
  A quokka skeleton (D:4)
  5 rats
124 creatures vanquished.

Vanquished Creatures (others)
  A goblin (D:4)
1 creature vanquished.

Grand Total: 125 creatures vanquished

Notes
Turn   | Place    | Note
--------------------------------------------------------------
     0 | D:1      | mistymad the Minotaur Berserker began the quest for the Orb.
     0 | D:1      | Reached XP level 1. HP: 19/19 MP: 0/0
    71 | D:1      | Reached XP level 2. HP: 20/27 MP: 1/1
   420 | D:1      | Reached * piety under Trog
   424 | D:1      | Reached skill level 4 in Axes
   440 | D:1      | Reached XP level 3. HP: 21/33 MP: 2/2
  1002 | D:2      | Found a glowing silver altar of Zin.
  1003 | D:2      | Noticed an angel
  1149 | D:2      | Reached ** piety under Trog
  1153 | D:2      | Reached XP level 4. HP: 25/40 MP: 3/3
  1737 | D:3      | Reached skill level 5 in Axes
  1850 | D:3      | Reached XP level 5. HP: 40/46 MP: 4/4
  1898 | D:3      | Noticed MirrMurr's ghost (amateur FeMo)
  1911 | D:3      | Killed MirrMurr's ghost
  2192 | D:3      | Reached skill level 6 in Axes
  2192 | D:3      | Reached XP level 6. HP: 53/53 MP: 5/5
  2419 | D:3      | Reached *** piety under Trog
  2695 | D:4      | Noticed Eustachio
  2717 | D:4      | Killed Eustachio
  2717 | D:4      | Reached skill level 5 in Fighting
  2983 | D:4      | Reached XP level 7. HP: 32/61 MP: 6/6
  3350 | D:4      | Reached skill level 7 in Axes
  3350 | D:4      | Reached skill level 5 in Armour
  3571 | D:4      | Noticed Robin
  3809 | D:4      | Killed Robin
  4466 | D:5      | Entered Level 5 of the Dungeon
  4517 | D:5      | Found a staircase to the Ecumenical Temple.
  4533 | D:5      | Noticed Pikel
  4543 | D:5      | Killed Pikel
  4543 | D:5      | Reached skill level 8 in Axes
  4543 | D:5      | Reached skill level 5 in Dodging
  4543 | D:5      | Reached XP level 8. HP: 71/71 MP: 7/7
  4564 | Temple   | Entered the Ecumenical Temple
  4787 | D:5      | Reached skill level 9 in Axes
  4800 | D:5      | Killed from afar by an orc wizard

Skill      XL: |  1  2  3  4  5  6  7  8 |
---------------+-------------------------+-----
Axes           | 4 5 6 8 9 |  9.0
Armour         | 3 4 6 |  6.3
Fighting       | 4 5 6 |  6.6
Dodging        | 3 4 5 |  5.5

Action                   |  1- 3 |  4- 6 |  7- 9 || total
-------------------------+-------+-------+-------++-------
Melee: Hand axe          |    86 |   100 |    93 ||   279
       Headbutt          |     8 |    19 |    19 ||    46
Invok: Berserk           |       |     3 |     4 ||     7
       Trog's Hand       |       |       |     2 ||     2
 Stab: Distracted        |     1 |       |       ||     1
  Eat: Chunk             |     1 |     8 |     9 ||    18
Armor: Animal skin       |     6 |    13 |    11 ||    30
Dodge: Dodged            |    56 |    50 |    56 ||   162
Block: Other             |     9 |    21 |    22 ||    52
       Reflection        |       |       |     2 ||     2
